 Dungeon Crawl Stone Soup version 0.30.0-20-g3615ddf2f0 (webtiles) character file.

Game seed: 7424638709200532881

48 qw the Shield-Bearer (level 3, -1/23 HPs)
             Began as a Gargoyle Fighter on June 1, 2023.
             Slain by a gnoll
             ... wielding a +0 whip
              (3 damage)
             ... on level 2 of the Dungeon.
             The game lasted 00:00:38 (1130 turns).

qw the Shield-Bearer (Gargoyle Fighter)             Turns: 1130, Time: 00:00:39

Health: -1/23      AC: 11    Str: 30    XL:     3   Next: 72%
Magic:  3/3        EV:  9    Int:  8    God:
Gold:   37         SH: 11    Dex:  9    Spells: 2/2 levels left

rFire   . . .        Y - +0 war axe
rCold   . . .        e - +3 kite shield of Puics {Str+3 Slay+3}
rNeg    + . .        b - +0 scale mail
rPois   inf          (no helmet)
rElec   +            (no cloak)
rCorr   .            (no gloves)
SInv    .            n - +0 pair of boots
Will    .....        (no amulet) Stlth
                     o - +6 ring of strength
HPRegen 0.23/turn    (no ring)
MPRegen 0.08/turn

%: no passive effects
@: no status effects
A: sickness immunity, AC +3, negative energy resistance 1, electricity
resistance, torment resistance 1, petrification resistance
a: no special abilities


You were on level 2 of the Dungeon.
You visited 1 branch of the dungeon, and saw 2 of its levels.

You collected 37 gold pieces.


Innate Abilities, Weirdness & Mutations

You are immune to sickness and miasma.
Your stone body is resilient. (AC +3)
You are immune to poison.
You resist negative energy. (rN+)
You are resistant to electric shocks. (rElec)
You are resistant to unholy torment.
You are immune to petrification.


   Skills:
 - Level 3.2 Fighting
 + Level 3.1 Axes
 - Level 3.2 Armour
 - Level 4.0 Shields


You had 2 spell levels left.
You didn't know any spells.
Your spell library was empty.

Inventory:

Hand Weapons
 j - a +2 whip of pain
 Y - a +0 war axe (weapon)
Armour
 b - a +0 scale mail (worn)
 e - the +3 kite shield of Puics (worn) {Str+3 Slay+3}
   (You acquired it on level 1 of the Dungeon)

   Str:       It affects your strength (+3).
   Slay:      It affects your accuracy & damage with ranged weapons and melee
   (+3).
 n - a +0 pair of boots (worn)
Jewellery
 k - a ring of fire
 o - a +6 ring of strength (left hand)
Scrolls
 a - 4 scrolls of identify
Potions
 c - 2 potions of resistance {unknown}
 d - a potion of might
 i - 2 potions of cancellation
 l - a potion of attraction

Dungeon Overview and Level Annotations

Branches:
Dungeon (2/15)

Altars:

Shops:
D:2 !


Message History

Enter note:
Enter note:
Enter note:
Enter note:
Enter note:
Enter note:
Enter note:
Enter note:
Enter note:
Enter note:
Enter note: You block the gnoll's attack.
The gnoll hits you but does no damage.
Enter note:
Enter note:
Enter note:
Enter note:
Enter note:
Enter note: You closely miss the gnoll.
You hit the gnoll but do no damage. You block the gnoll's attack.
The gnoll hits you but does no damage.
The gnoll hits you with a +1 vampiric whip.
You hit the gnoll.
The gnoll is heavily wounded.
You barely miss the gnoll. The gnoll hits you but does no damage.
The gnoll hits you with a +1 vampiric whip.
The gnoll hits you but does no damage. x2; You block the gnoll's attack.
The gnoll hits you but does no damage. The gnoll hits you with a +0 whip.
You hit the gnoll.
The gnoll is heavily wounded.
You hit the gnoll. x2
You block the gnoll's attack. The gnoll hits you but does no damage.
The gnoll closely misses you. The gnoll hits you with a +0 whip.
You completely miss the gnoll.
The gnoll is heavily wounded.
You barely miss the gnoll. You hit the gnoll.
The gnoll hits you with a +0 flail.
The gnoll hits you with a +1 vampiric whip!
You block the gnoll's attack. The gnoll hits you with a +0 whip.
You die...

#.#
#######.##
#.# #.#
#####.#
..#
#.....####
####
#.##.....#
#.....#
#.....#
#.....#
#..@|.#


#.gggg# #.....# ......... ........... ######........ #.####### #.. You could see
4 gnolls.

Vanquished Creatures
  An adder (D:2)
  7 ball pythons
  3 bats
  3 endoplasms
  2 giant cockroaches
  3 goblins
  3 jackals (D:2)
  3 quokkas
  3 frilled lizards (D:1)
  4 kobolds
  A rat (D:1)
33 creatures vanquished.

Notes
Turn   | Place    | Note
-------+----------+-------------------------------------------
     0 | D:1      | qw the Gargoyle Fighter began the quest for the Orb.
     0 | D:1      | Reached XP level 1. HP: 14/14 MP: 1/1
     0 | D:1      | 0 ||| qw: Version: 0.2-a-102-gdf20003
     0 | D:1      | 0 ||| qw: Game counter: 757
     0 | D:1      | 0 ||| qw: Always use a shield: true
     0 | D:1      | 0 ||| qw: God list: Okawaru
     0 | D:1      | 0 ||| qw: Allow faded altars: false
     0 | D:1      | 0 ||| qw: Do Orc after D:15 true
     0 | D:1      | 0 ||| qw: Do second Lair branch before Depths: true
     0 | D:1      | 0 ||| qw: Lair rune preference: random
     0 | D:1      | 0 ||| qw: Plans: Normal, Zot:1-4, Slime:5, God:TSO, Crypt,
                  | Tomb, Pan, Hells, Abyss, Win
     0 | D:1      | 0 ||| PLANNING D:1-11
   141 | D:1      | 141 ||| Stepping ~*~*~tactically~*~*~ (stealth).
   144 | D:1      | Reached XP level 2. HP: 19/19 MP: 2/2
   227 | D:1      | Found a faded altar of an unknown god.
   648 | D:1      | 648 ||| UPGRADING to +0 pair of boots.
   653 | D:1      | 653 ||| UPGRADING to +6 ring of strength.
   654 | D:1      | 654 ||| READING 5 scrolls labelled HOPUCZ FETU.
   655 | D:1      | 655 ||| READING scroll labelled UPLEFA PUNE.
   655 | D:1      | Identified a scroll of acquirement
   655 | D:1      | 655 ||| ACQUIRING +3 kite shield of Puics {Str+3 Slay+3}
   655 | D:1      | Acquired the +3 kite shield of Puics {Str+3 Slay+3}
   657 | D:1      | 657 ||| UPGRADING to +3 kite shield of Puics {Str+3
                  | Slay+3}.
   667 | D:1      | 667 ||| DROPPING +0 buckler.
   668 | D:1      | 668 ||| READING scroll labelled NUFOHA DENOIMM.
   669 | D:1      | 669 ||| READING scroll labelled SISKUL VUCA.
   670 | D:1      | 670 ||| READING scroll labelled VOSURAIPNO.
   671 | D:1      | 671 ||| READING 4 scrolls of identify.
   671 | D:1      | 671 ||| IDENTIFYING ruby potion
   672 | D:1      | 672 ||| READING 3 scrolls of identify.
   672 | D:1      | 672 ||| IDENTIFYING murky purple potion
   708 | D:2      | Reached skill level 3 in Axes
   719 | D:2      | Found Hafinergh's Distillery.
   727 | D:2      | 727 ||| SHOPLISTING potion of attraction (33 gold, have
                  | 22).
   727 | D:2      | 727 ||| SHOPLISTING potion of cancellation (88 gold, have
                  | 22).
   727 | D:2      | 727 ||| SHOPLISTING potion of curing (33 gold, have 22).
   727 | D:2      | 727 ||| SHOPLISTING potion of lignification (33 gold, have
                  | 22).
   727 | D:2      | 727 ||| SHOPLISTING potion of might (44 gold, have 22).
   768 | D:2      | 768 ||| Stepping ~*~*~tactically~*~*~ (stealth).
   770 | D:2      | 770 ||| Stepping ~*~*~tactically~*~*~ (stealth).
   774 | D:2      | Reached XP level 3. HP: 23/23 MP: 3/3
   938 | D:2      | Reached skill level 4 in Shields
  1130 | D:2      | HP: 2/23 [gnoll/+1 vampiric whip (7)]
  1130 | D:2      | Slain by a gnoll

Levels and vault maps discovered:
D:1:      heliophobic_arrival_henge, layout_loops_ring,
          hellmonk_ecumenical_altar_leap_of_faith
D:2:      kennysheep_the_goblin_king, layout_basic, serial_shops, shop

Skill      XL: |  1  2  3 |
---------------+----------+-----
Axes           | 2 3 |  3.1
Shields        | 4 |  4.0
Fighting       | |  3.2
Armour         | |  3.2

Action                     || total
---------------------------++-------
  Melee: War axe           ||    89
    Use: Scroll            ||     7
 Armour: Scale mail        ||    39
  Dodge: Dodged            ||    41
  Block: Buckler           ||     3
         Kite shield       ||    37

Table legend:
 A = Non-vault XP
 B = Vault XP
 C = Vault XP percentage of total XP
 D = Non-vault monster count
 E = Vault monster count
 F = Vault count percentage of total count
                 A         B        C        D         E       F
            +---------+---------+-------+---------+---------+-------
      Total |      69 |       0 |   0.0 |      33 |       0 |   0.0
            +---------+---------+-------+---------+---------+-------
        D:1 |      29 |       0 |   0.0 |      17 |       0 |   0.0
        D:2 |      40 |       0 |   0.0 |      16 |       0 |   0.0
            +---------+---------+-------+---------+---------+-------
